 Dungeon Crawl Stone Soup version 0.20.1-1-g8b1a95d66d (webtiles) character file.

362 NullDivider the Sneak (level 6, -7/38 HPs)
             Began as an Octopode Artificer on Dec 4, 2017.
             Mangled by a mummy (18 damage)
             ... in an ossuary.
             The game lasted 00:13:11 (3435 turns).

NullDivider the Sneak (Octopode Artificer)          Turns: 3435, Time: 00:13:11

Health: -7/38      AC:  1    Str: 11    XL:     6   Next: 66%
Magic:  18/18      EV: 14    Int: 14    God:
Gold:   125        SH:  0    Dex: 14    Spells: 5/5 levels left

rFire    . . .     SeeInvis .   r - +0 dagger
rCold    + . .     Gourm    .   (no shield)
rNeg     . . .     Faith    .   (helmet restricted)
rPois    .         Spirit   .   (no amulet)
rElec    .         Reflect  .   e - ring of protection from cold
rCorr    .         Harm     .   n - ring of magical power
MR       .....                  (no ring)
Stlth    ++++......             (no ring)
Regen    0.2/turn               (no ring)
MPRegen  0.2/turn               (no ring)
                                (no ring)
                                (no ring)

@: no status effects
A: almost no armour, stealthy swim, amphibious, 8 rings, constrict 8, camouflage
1, gelatinous body 1
a: no special abilities


You were in an ossuary.
You were near starving.

You visited 1 branch of the dungeon, and saw 4 of its levels.
You also visited: Ossuary.

You collected 125 gold pieces.

Inventory:

Hand Weapons
 r - a +0 dagger (weapon)
Jewellery
 e - a ring of protection from cold (left tentacle)
 n - a ring of magical power (right tentacle)
Wands
 b - a wand of flame (11/48)
 c - a wand of enslavement (15/24)
 d - a wand of random effects (5/48)
 v - a wand of flame (28/48)
Scrolls
 g - 2 scrolls of teleportation
 h - 4 scrolls of identify {unknown}
 j - a scroll of recharging {unknown}
 k - a scroll of noise
 o - 2 scrolls of blinking
 p - 2 scrolls of enchant weapon
 u - 2 scrolls of remove curse
 w - a scroll of fear {unknown}
 y - a scroll of amnesia {unknown}
Potions
 a - 2 potions of cancellation {unknown}
 i - a potion of resistance {unknown}
 l - 2 potions of might
 m - 3 potions of flight {unknown}
 q - 7 potions of curing {unknown}
 s - 3 potions of invisibility {unknown}
 x - a potion of haste {unknown}
Comestibles
 f - 4 bread rations
 t - 2 fruits


   Skills:
 - Level 1.0 Fighting
 + Level 2.9 Short Blades
 + Level 3.3 Dodging
 * Level 5.9 Stealth
 + Level 4.7 Evocations


You had 5 spell levels left.
You didn't know any spells.

Dungeon Overview and Level Annotations

Branches:
Dungeon (4/15)
 Temple: D:4-7

Altars:


Innate Abilities, Weirdness & Mutations

You cannot wear most types of armour.
You are very stealthy in the water. (Stealth+)
You are amphibious.
You can wear up to eight rings at the same time.
You can use your tentacles to constrict eight enemies at once.
Your skin changes colour to match your surroundings (Stealth+).
Your rubbery body absorbs attacks. (AC +1, EV +1)


Message History

The human zombie misses you.
There are monsters nearby!
Evoke which item? (* to show all) (? for menu, Esc to quit)
Aiming: Throw Flame
Press: ? - help, Shift-Dir - straight line The puff of flame hits the human zombie.
You destroy the human zombie!
This wand has 13 charges left.
Evoke which item? (* to show all) (? for menu, Esc to quit)
Aiming: Throw Flame
Press: ? - help, Shift-Dir - straight line The puff of flame hits the mummy.
The mummy is burned terribly!
The mummy is heavily damaged.
This wand has 12 charges left.
Evoke which item? (* to show all) (? for menu, Esc to quit)
Aiming: Throw Flame
Press: ? - help, Shift-Dir - straight line The puff of flame misses the mummy.
This wand has 11 charges left.
The mummy hits you!!
You die...

#+# ###.### ####
##.....## #..Z##
#.......# .....#
##...∩...###.....##
+...∩∩∩..@M.......#
##...∩...###.....##
#.......# .....#
##.....## #Z.Z##
###.### #### #'#
###.### ##.....##
#.......#


You could see a mummy.

Vanquished Creatures
  Sigmund (D:2)
  A human zombie (Ossuary)
  Jessica (D:2)
  Natasha (thrice) (D:2)
  2 adders (D:3)
  An ooze (D:1)
  A dart slug (D:3)
  A leopard gecko (D:2)
  5 orcs
  4 giant cockroaches
  3 goblins
  9 hobgoblins
  7 jackals (D:2)
  3 kobolds
  5 bats
  5 frilled lizards
  A goblin zombie (D:4)
  A quokka zombie (D:4)
  3 rats
57 creatures vanquished.

Notes
Turn   | Place    | Note
-------+----------+-------------------------------------------
     0 | D:1      | NullDivider the Octopode Artificer began the quest for the Orb.
     0 | D:1      | Reached XP level 1. HP: 13/13 MP: 3/3
   143 | D:1      | Reached skill level 2 in Stealth
   143 | D:1      | Reached XP level 2. HP: 5/18 MP: 4/4
  1024 | D:2      | Noticed Sigmund
  1218 | D:2      | Reached XP level 3. HP: 17/23 MP: 5/5
  1321 | D:2      | Reached skill level 3 in Stealth
  1355 | D:2      | Noticed Jessica
  1358 | D:2      | Killed Jessica
  1419 | D:2      | Reached XP level 4. HP: 28/28 MP: 6/6
  1650 | D:2      | Killed Sigmund
  1650 | D:2      | Reached skill level 5 in Stealth
  1650 | D:2      | Reached XP level 5. HP: 14/33 MP: 8/8
  1655 | D:2      | Noticed Natasha
  1659 | D:2      | Killed Natasha
  1659 | D:2      | Reached XP level 6. HP: 11/38 MP: 9/9
  1757 | D:2      | Noticed Natasha
  2000 | D:2      | Killed Natasha
  2128 | D:2      | Noticed Natasha
  2136 | D:2      | Killed Natasha
  3343 | D:4      | Found a sand-covered staircase.
  3359 | Ossuary  | Entered an ossuary
  3435 | Ossuary  | Mangled by a mummy

Skill      XL: |  1  2  3  4 |
---------------+-------------+-----
Stealth        | 2 3 5 |  5.9
Short Blades   | 2 |  2.9
Dodging        | 3 |  3.3
Evocations     | 4 |  4.7
Fighting       | |  1.0

Action                   |  1- 3 |  4- 6 || total
-------------------------+-------+-------++-------
Melee: Short sword       |    42 |     5 ||    47
       Constrict         |    12 |    18 ||    30
       Tentacles         |     7 |    17 ||    24
       Dagger            |     5 |    81 ||    86
Evoke: Wand              |       |    14 ||    14
  Use: Scroll            |     2 |     3 ||     5
 Stab: Sleeping          |     5 |     9 ||    14
       Paralysed         |       |     1 ||     1
  Eat: Chunk             |     1 |     5 ||     6
Armor: Skin              |     2 |     4 ||     6
Dodge: Dodged            |    25 |    48 ||    73
